 Dungeon Crawl Stone Soup version 0.27.0-1-g7a089689b8 (webtiles) character file.

Game seed: 11898030385446008761

411 mainiacjoe the Frost Mage (level 6, -1/41 HPs)
             Began as a Merfolk Ice Elementalist on Aug 1, 2021.
             Slain by an ogre (18 damage)
             ... on level 5 of the Dungeon.
             The game lasted 00:16:00 (5516 turns).

mainiacjoe the Frost Mage (MfIE)                    Turns: 5516, Time: 00:16:01

Health: -1/41      AC:  4    Str:  8    XL:     6   Next: 90%
Magic:  6/10       EV: 12    Int: 17    God:
Gold:   243        SH:  0    Dex: 14    Spells: 2/11 levels left

rFire    + . .     SeeInvis .   a - +0 whip (elec)
rCold    . . .     Faith    .   (no shield)
rNeg     . . .     Spirit   .   k - +0 robe
rPois    +         Reflect  .   s - +0 helmet
rElec    +         Harm     .   (no cloak)
rCorr    .         Rampage  .   f - +0 pair of gloves
Will     +....                  (no boots)
Stlth    ++........             (no amulet)
HPRegen  0.13/turn              j - ring of willpower
MPRegen  0.12/turn              g - ring "Vuheceyt" {rElec rPois rF+}

@: freezing walls
A: (nimble swimmer 2), mertail
a: no special abilities


You were on level 5 of the Dungeon.
You visited 1 branch of the dungeon, and saw 5 of its levels.

You collected 243 gold pieces.

Inventory:

Hand Weapons
 a - a +0 whip of electrocution (weapon)
 b - a +0 hunting sling
 c - the +9 hunting sling of Fumaocer {venom, MP-9 Str+6}
   (You found it on level 4 of the Dungeon)

   Any ammunition fired from it poisons the flesh of those it strikes.
   Str:       It affects your strength (+6).
   MP:        It affects your magic capacity (-9).
 w - a +0 dagger
 z - a +0 rapier
Missiles
 d - 112 stones (quivered)
 e - 27 bolts
 l - 35 arrows
 v - 14 sling bullets
 x - 2 boomerangs
 y - 16 poisoned darts
Armour
 f - a +0 pair of gloves (worn)
 k - a +0 robe (worn)
 r - a +4 ring mail
 s - a +0 helmet (worn)
Jewellery
 g - the ring "Vuheceyt" (right hand) {rElec rPois rF+}
   (You acquired it on level 3 of the Dungeon)

   [ring of poison resistance]

   rF:        It protects you from fire.
   rElec:     It insulates you from electricity.
   rPois:     It protects you from poison.
 j - a ring of willpower (left hand)
Wands
 E - a wand of paralysis (9)
Scrolls
 h - 2 scrolls of vulnerability
 m - 2 scrolls of teleportation
 n - a scroll of fear {unknown}
 o - 2 scrolls of blinking {unknown}
 p - a scroll of noise {unknown}
 u - a scroll of holy word {unknown}
 B - a scroll of identify
Potions
 i - a potion of lignification
 q - 2 potions of mutation
 t - a potion of curing
 A - a potion of degeneration {unknown}
 C - a potion of brilliance {unknown}
 D - a potion of might {unknown}


   Skills:
 - Level 1.0 Short Blades
 - Level 2.6 Dodging
 - Level 2.5 Stealth
 - Level 3.0 Spellcasting
 * Level 8.1 Ice Magic


You had 2 spell levels left.
You knew the following spells:

 Your Spells              Type           Power      Damage    Failure   Level
a - Freeze                Ice            100%       1d11      1%          1
b - Frozen Ramparts       Ice            60%        1d8       1%          3
c - Ensorcelled Hibernat  Hex/Ice        32%        N/A       4%          2
d - Ozocubu's Armour      Ice            30%        N/A       1%          3

Your spell library contained the following spells:

 Spells                   Type           Power      Damage    Failure   Level
 Corona                   Hex            2%         N/A       17%         1
 Sublimation of Blood     Necr           1%         N/A       26%         2
 Hailstorm                Conj/Ice       16%        3d6       32%         4
 Summon Ice Beast         Ice/Summ       16%        N/A       32%         4
 Tukima's Dance           Hex            2%         N/A       45%         3
 Vampiric Draining        Necr           1%         2d6       45%         3
 Animate Dead             Necr           1%         N/A       86%         4


Dungeon Overview and Level Annotations

Branches:
Dungeon (5/15)
 Temple: D:4-7

Altars:
Kikubaaqudgha
Makhleb
Wu Jian
Zin

Annotations:
D:1 dig vault
D:4 1 runed translucent door, Crazy Yiuf


Innate Abilities, Weirdness & Mutations

((You are quick and stealthy near water. (Stealth+, EV+, Speed+++)))
Your lower body shifts to a powerful aquatic tail in water.


Message History

An ogre comes into view. It is wielding a +0 giant club.
The ufetubus misses you. The ufetubus hits you.
You hit the ufetubus but do no damage. The ufetubus closely misses you.
The ufetubus barely misses you.
You barely miss the ufetubus. The ufetubus completely misses you.
The ufetubus hits you. The ufetubus closely misses you. The ufetubus hits you.
You hit the ogre but do no damage. The ufetubus misses you.
The ufetubus closely misses you. The ufetubus hits you.
The ufetubus closely misses you.
The ogre hits you with a +0 giant club!!
* * * LOW HITPOINT WARNING * * *
Casting: Ensorcelled Hibernation (safe; 4% risk of failure)
Confirm with . or Enter, or press ? or * to list all spells.
Casting: Frozen Ramparts (safe; 1% risk of failure)
Press: ? - help, Dir - look around, f - activate The walls around you are covered in ice.
The ufetubus resists.
The wall freezes the ufetubus.
The ufetubus hits you.
* * * LOW HITPOINT WARNING * * *
The ufetubus hits you.
* * * LOW HITPOINT WARNING * * *
The ufetubus resists.
The wall freezes the ufetubus.
The ufetubus barely misses you.
The ufetubus hits you but does no damage.
You feel better.
The wall freezes the ogre.
The ogre barely misses you.
The ufetubus completely resists.
The wall freezes the ufetubus but does no damage.
The ufetubus hits you but does no damage.
The ufetubus misses you.
Casting: Frozen Ramparts (safe; 1% risk of failure)
Confirm with . or Enter, or press ? or * to list all spells.
Aiming: Freeze (safe; 1% risk of failure)
Press: ? - help, Shift-Dir - straight line, f - ufetubus
Aim: an ufetubus (moderately wounded)
You freeze the ufetubus but do no damage.
The ufetubus completely resists. x2
The wall freezes the ufetubus but does no damage.
The ufetubus hits you but does no damage.
The ufetubus closely misses you.
The wall freezes the ogre.
The ogre hits you with a +0 giant club!!
You die...

#....# #..............#
#....# ################
.....# ### # ......# ##
### ####.## . ......# .#
#.# #.###.###.## ......#
#.##.###.##.##.##.#
#)#.#.#.#.#.#.#.#.##
..#.5#..#..#..#..#...#
#...#@..#...#...#...##
#..(.#O...#....#....#..#
..#(....#.....#.....#...#
....#......#......#......
.......#.......#.......#.
.........................
........#################
#######


You could see an ogre and an ufetubus.

Vanquished Creatures
  A centaur (D:5)
  A scorpion (D:4)
  A jelly (D:4)
  Natasha (D:4)
  2 orc wizards (D:5)
  Robin (D:4)
  A howler monkey skeleton (D:5)
  A howler monkey zombie (D:5)
  3 adders
  2 shadow imps (D:5)
  2 dart slugs
  12 orcs
  6 ball pythons
  6 endoplasms
  4 giant cockroaches (D:4)
  10 goblins
  11 hobgoblins
  7 kobolds
  A quokka (D:4)
  2 bats
  2 frilled lizards
  4 rats
81 creatures vanquished.

Notes
Turn   | Place    | Note
-------+----------+-------------------------------------------
     0 | D:1      | mainiacjoe the Merfolk Ice Elementalist began the quest for
                  | the Orb.
     0 | D:1      | Reached XP level 1. HP: 13/13 MP: 3/3
   329 | D:1      | Got Onerydd's Volume of Frigorific Sinister Arts
   402 | D:1      | Reached XP level 2. HP: 18/19 MP: 3/5
   448 | D:1      | You fall into a shaft and drop 1 floor!
   796 | D:2      | Learned a level 2 spell: Ensorcelled Hibernation
  1483 | D:3      | Reached XP level 3. HP: 24/24 MP: 4/6
  1487 | D:3      | Learned a level 3 spell: Frozen Ramparts
  1610 | D:3      | Reached skill level 1 in Short Blades
  1770 | D:3      | Reached skill level 5 in Ice Magic
  1817 | D:3      | Found a burning altar of Makhleb.
  1900 | D:3      | Identified a scroll of acquirement
  1901 | D:3      | Acquired the ring "Vuheceyt" {rElec rPois rF+}
  2421 | D:4      | Reached XP level 4. HP: 24/30 MP: 8/8
  2490 | D:4      | Noticed a scorpion
  2512 | D:4      | Killed a scorpion
  2513 | D:4      | Reached XP level 5. HP: 18/35 MP: 1/9
  2767 | D:4      | Reached skill level 6 in Ice Magic
  2858 | D:4      | Noticed Robin
  2861 | D:4      | Killed Robin
  3112 | D:4      | Found an ancient bone altar of Kikubaaqudgha.
  3185 | D:4      | Noticed Natasha
  3403 | D:4      | Killed Natasha
  3720 | D:4      | Reached XP level 6. HP: 33/41 MP: 6/10
  3932 | D:4      | Found a runed translucent door.
  3985 | D:4      | Identified the +9 hunting sling of Fumaocer {venom, MP-9
                  | Str+6}
  4125 | D:4      | Noticed Crazy Yiuf
  4132 | D:4      | Learned a level 3 spell: Ozocubu's Armour
  4193 | D:5      | Entered Level 5 of the Dungeon
  4201 | D:5      | Reached skill level 7 in Ice Magic
  4297 | D:5      | Found a glowing silver altar of Zin.
  4616 | D:5      | Found an ornate altar of the Wu Jian Council.
  4915 | D:5      | Reached skill level 8 in Ice Magic
  5516 | D:5      | Slain by an ogre

Illustrated notes

Levels and vault maps discovered:
D:1:      zaba_arrival_water, layout_basic, serial_curves, eino_curves_04,
          eino_curves_01, eino_curves_01, eino_curves_02, due_unseen_surprise
D:2:      layout_basic
D:3:      layout_basic, general_overflow_altar, minmay_between
D:4:      layout_basic, amcnicky_altar_gilded, uniq_natasha, uniq_robin,
          uniq_crazy_yiuf_cottage
D:5:      layout_gridville, nicolae_overflow_hidden_temple, minitemple,
          minmay_increasing_density

Skill      XL: |  1  2  3  4  5  6 |
---------------+-------------------+-----
Short Blades   | 1 |  1.0
Ice Magic      | 5 6 8 |  8.1
Spellcasting   | 3 |  3.0
Dodging        | |  2.6
Stealth        | |  2.5

Action                   |  1- 3 |  4- 6 || total
-------------------------+-------+-------++-------
Melee: Short sword       |     4 |       ||     4
       Rapier            |    45 |    28 ||    73
       Dagger            |     1 |     1 ||     2
       Whip              |       |    11 ||    11
 Fire: Hunting sling     |       |    78 ||    78
Throw: Stone             |    22 |     2 ||    24
       Dart              |    30 |    13 ||    43
 Cast: Freeze            |    20 |    24 ||    44
       Ensorcelled Hiber |     2 |     9 ||    11
       Frozen Ramparts   |       |     9 ||     9
  Use: Scroll            |     5 |     1 ||     6
       Potion            |     1 |     4 ||     5
 Stab: Sleeping          |     9 |     2 ||    11
Armor: Robe              |    11 |    18 ||    29
Dodge: Dodged            |    34 |    49 ||    83
